 Dungeon Crawl Stone Soup version 0.30-b1-2-g02819fbbbe (webtiles) character file.

Game seed: 7085468508643571654

8570 Septim the Cleaver (level 11, -26/102 HPs)
             Began as a Minotaur Berserker on June 16, 2023.
             Was an Elder of Trog.
             Annihilated by an enormous slime creature (78 damage)
             ... on level 9 of the Dungeon.
             The game lasted 00:16:38 (7890 turns).

Septim the Cleaver (Minotaur Berserker)             Turns: 7890, Time: 00:16:39

Health: -26/102    AC: 15    Str: 26    XL:     11   Next: 11%
Magic:  10/10      EV: 14    Int:  4    God:    Trog [****..]
Gold:   656        SH:  0    Dex: 16    Spells: 10/10 levels left

rFire   + . .        a - +2 battleaxe (heavy)
rCold   + . .        (shield currently unavailable)
rNeg    . . .        t - +0 chain mail
rPois   .            (helmet restricted)
rElec   .            e - scarf {rC+ rF+}
rCorr   .            (no gloves)
SInv    .            u - +2 pair of boots
Will    .....        (no amulet) Stlth
                     D - +6 ring of dexterity
HPRegen 0.37/turn    (no ring)
MPRegen 0.12/turn

%: no passive effects
@: no status effects
A: horns 2, retaliatory headbutt
a: Renounce Religion, Berserk, Trog's Hand, Brothers in Arms


You were on level 9 of the Dungeon.
You worshipped Trog.
Trog was greatly pleased with you.
You visited 1 branch of the dungeon, and saw 9 of its levels.

You collected 656 gold pieces.


Innate Abilities, Weirdness & Mutations

You have a pair of horns on your head.
You reflexively headbutt those who attack you in melee.


   Skills:
 + Level 11.0 Fighting
 + Level 11.0 Axes
 + Level 10.7 Armour
 + Level 9.8 Dodging


You had 10 spell levels left.
You didn't know any spells.
Your spell library contained the following spells:

 Spells                   Type           Power      Damage    Failure   Level
 Apportation              Tloc           0%         N/A       91%         1
 Poisonous Vapours        Pois/Air       0%         N/A       97%         2
 Mephitic Cloud           Conj/Pois/Air  0%         N/A       100%        3
 Ozocubu's Armour         Ice            0%         N/A       100%        3
 Manifold Assault         Tloc           0%         N/A       100%        4
 Alistair's Intoxication  Tmut/Pois      0%         N/A       100%        5
 Freezing Cloud           Conj/Ice/Air   0%         6-21      100%        5
 Metabolic Englaciation   Hex/Ice        0%         N/A       100%        5
 Dispersal                Tloc           0%         N/A       100%        6
 Simulacrum               Ice/Necr       0%         N/A       100%        6
 Disjunction              Tloc           0%         N/A       100%        8

Inventory:

Hand Weapons
 a - a +2 heavy battleaxe (weapon)
   (You took it off a wight on level 9 of the Dungeon)
 b - the +12 morningstar "Tadukol" {vamp, rF+ rC- SInv}
   (You found it on level 9 of the Dungeon)

   rF:        It protects you from fire.
   rC:        It makes you vulnerable to cold.
   SInv:      It lets you see invisible.
Armour
 e - a scarf of resistance (worn)
   (You found it on level 3 of the Dungeon)
 t - a +0 chain mail (worn)
   (You took it off an orc warrior on level 8 of the Dungeon)
 u - a +2 pair of boots (worn)
   (You found it on level 7 of the Dungeon)
Jewellery
 C - a ring of ice
   (You found it on level 1 of the Dungeon)
 D - a +6 ring of dexterity (left hand)
   (You found it on level 1 of the Dungeon)
Wands
 g - a wand of light (9)
   (You took it off Psyche on level 8 of the Dungeon)
 i - a wand of roots (11) (quivered)
   (You found it on level 3 of the Dungeon)
 n - a wand of mindburst (12)
   (You found it on level 7 of the Dungeon)
Scrolls
 h - a scroll of brand weapon
 j - 2 scrolls of poison {!r}
 m - 2 scrolls of butterflies
 p - a scroll of fog
 q - 4 scrolls of magic mapping {!r}
 v - a scroll of teleportation {@r4}
Potions
 c - a potion of invisibility
 d - 3 potions of flight
 f - a potion of heal wounds {@q2}
 k - 2 potions of mutation {!q}
 l - 3 potions of lignification {!q}
 o - 3 potions of curing {@q1}
 r - a potion of ambrosia
Miscellaneous
 s - a lightning rod (4/4)
   (You found it on level 9 of the Dungeon)

Dungeon Overview and Level Annotations

Branches:
Dungeon (9/15) Zot: 26032  Temple (0/1) D:7            Lair (0/5) D:9
    Orc: D:9-12

Altars:
Ashenzari
Dithmenos
Gozag
Hepliaklqana
Makhleb
Nemelex Xobeh
Xom
Yredelemnul

Shops:
D:1 ? D:3

( ###'####
###.##### #..#
#.# ##.# #. #.#
#.# ##.#
##..#######
#.........#
#..#.#@#.#:#
#.[.....J...#
#..#.#.#.#.#.!..
#......... .. #
#.#.#.#.#.# #.#
#.......... #
#.#.#.#.#.# ....
.. #.# #.#


You could see an enormous slime creature.


Message History

You open the door.
An orc warrior and an orc wizard come into view.
The orc warrior shouts!
The orc wizard mumbles some strange words.
The orc wizard flickers and vanishes!
Deactivating autopickup; reactivate with Ctrl-A.
You closely miss the orc warrior.
The orc warrior hits you with a +0 mace. 😕 HP[-4]
You take 4 damage, and now have 90/94 hp.
You closely miss the orc warrior. Your headbutt misses the orc warrior.
You closely miss something. Something hits you but does no damage.
The orc warrior hits you with a +0 mace!
The orc warrior hits you with a +0 mace.
Something hits you. 😕 HP[-12]
You take 12 damage, and now have 78/94 hp.
You barely miss the orc warrior. You headbutt the orc warrior.
You closely miss something. Something hits you but does no damage.
The orc warrior hits you but does no damage. 😕 HP[+1]
You slice the orc warrior!!
You kill the orc warrior!
Trog accepts your kill.
You slice something!! Trog accepts your kill.
Trog appreciates your killing of a magic user.
Reactivating autopickup.
You feel a bit more experienced.
No target in view!
No target in view!
No target in view!
There is an open door, spattered with blood here.
Things that are here:
a +0 dagger; a +0 robe You open the door.
Found an escape hatch in the ceiling.
Found a stone staircase leading down. 😎 HP[+15]
Your hp is fully restored (94).
There is an open door here.
As you open the door, it creaks loudly!
There is an open door here.
There is an open door here.
There is an escape hatch in the ceiling here.
You open the door.
There is an open door here.
A two-headed ogre comes into view. It is wielding two +0 giant clubs.
The two-headed ogre shouts in stereo!
You slash the two-headed ogre!
A slime creature comes into view.
The two-headed ogre closely misses you. The two-headed ogre misses you.
You dice the two-headed ogre like an onion!!!
You kill the two-headed ogre!
Trog accepts your kill.
You have reached level 11! 😎 HP[+7] MP[+1]
You now have 101 max hp (+7).
Your hp is fully restored (101).
Your mp is fully restored (10).
A slime creature comes into view.
The slime creature quivers.
A slime creature comes into view.
Things that are here:
a +0 giant club; a +0 giant club You barely miss the slime creature.
The slime creature hits you. The slime creature hits you!
A slime creature comes into view.
Two slime creatures merge to form a large slime creature. 😕 HP[-13]
You take 13 damage, and now have 88/101 hp.
You cut the slime creature into ribbons!!!
You headbutt the slime creature!
You kill the slime creature!
Trog accepts your kill.
Your Axes skill increases to level 11!
A slime creature comes into view.
The slime creature hits you but does no damage. 😕 HP[+1]
You slice the slime creature!! You headbutt the slime creature!
Two slime creatures merge to form a very large slime creature.
You slice the slime creature like a ripe choko!!!
You kill the slime creature!
Trog accepts your kill.
You hit the very large slime creature.
Two slime creatures merge to form an enormous slime creature.
Your Fighting skill increases to level 11! 😕 HP[+2]
You now have 102 max hp (+1).
You regained 2 hp, and now have 91/102 hp.
You barely miss the enormous slime creature.
The enormous slime creature hits you!!!
* * * LOW HITPOINT WARNING * * *
😨 HP[-40]
You take 40 damage, and now have 51/102 hp.
MASSIVE DAMAGE!! (PAUSE)
Things that are here:
a +0 giant club; a +0 giant club; 😮 HP[+1]
The enormous slime creature attacks as you move away!
The enormous slime creature hits you!!!!
Ouch! That really hurt!
You die...

Skill      XL: |  1  2  3  4  5  6  7  8  9 10 11 |
---------------+----------------------------------+-----
Fighting       | 4 5 6 7 9 10 11 | 11.0
Axes           | 4 5 6 7 9 10 11 | 11.0
Armour         | 3 4 5 6 7 9 10 | 10.7
Dodging        | 3 4 5 6 8 9 |  9.8

Action                     |  1- 3 |  4- 6 |  7- 9 | 10-12 || total
---------------------------+-------+-------+-------+-------++-------
  Melee: Hand axe          |    55 |    66 |    97 |    47 ||   265
         Headbutt          |     8 |    12 |    30 |    20 ||    70
         Trident           |       |    21 |    95 |       ||   116
         Punch             |       |       |     3 |     1 ||     4
         Battleaxe         |       |       |       |    32 ||    32
         Morningstar       |       |       |       |    14 ||    14
         Unarmed           |       |       |       |     7 ||     7
 Invoke: Berserk           |       |     2 |     1 |     5 ||     8
         Trog's Hand       |       |     1 |     1 |     4 ||     6
    Use: Scroll            |     7 |     3 |     7 |     2 ||    19
         Potion            |       |       |     2 |     1 ||     3
   Stab: Invisible         |       |       |     1 |       ||     1
 Armour: Animal skin       |     5 |       |       |       ||     5
         Ring mail         |    12 |    24 |    42 |       ||    78
         Chain mail        |       |       |       |    47 ||    47
         Skin              |       |       |       |     1 ||     1
  Dodge: Dodged            |    39 |    53 |   125 |    43 ||   260

Levels and vault maps discovered:
D:1:      minmay_arrival_doors, layout_loops_ring, serial_shops, shop_fountains,
          hellmonk_ecumenical_altar_slurped_away, grunt_decor_one_mirror
D:2:      layout_basic
D:3:      kennysheep_goblin_castle, layout_loops_ring, serial_shops,
          nicolae_shop_just_a_little_nook, uniq_sigmund
D:4:      layout_basic, minmay_liquid_box, abandoned_shop
D:5:      layout_gridville, grunt_temple_overflow_open
D:6:      layout_loops_corners, uniq_pikel
D:7:      layout_basic, grunt_gozag_statues, bloody_makhleb,
          minmay_temple_entry_tees
D:8:      layout_cave_pods, special_room [special_room_orc],
          grunt_ministairs_15, uniq_psyche
D:9:      layout_roguey, erik_lair_dragon, serial_shops, nicolae_shop_trees,
          minivault_15, hex_medium

Notes
Turn   | Place    | Note
-------+----------+-------------------------------------------
     0 | D:1      | Septim the Minotaur Berserker began the quest for the Orb.
     0 | D:1      | Reached XP level 1. HP: 19/19 MP: 0/0
    67 | D:1      | Found Lout Ity's Magic Scroll Boutique.
   168 | D:1      | Reached XP level 2. HP: 22/27 MP: 1/1
   485 | D:1      | magus.rc [v1.11.6]
   495 | D:1      | Found a faded altar of an unknown god.
   501 | D:1      | Reached skill level 4 in Fighting
   660 | D:1      | Reached skill level 4 in Axes
   684 | D:1      | Reached skill level 3 in Armour
  1103 | D:2      | Reached XP level 3. HP: 33/33 MP: 2/2
  1149 | D:2      | Reached ** piety under Trog
  1423 | D:2      | Reached skill level 3 in Dodging
  1643 | D:2      | You add the spells Apportation and Alistair's Intoxication
                  | to your library.
  1709 | D:3      | Reached XP level 4. HP: 40/40 MP: 3/3
  1774 | D:3      | Reached XP level 5. HP: 42/47 MP: 4/4
  1834 | D:3      | Found Asiffek's Weapon Shop.
  1883 | D:3      | Reached skill level 4 in Armour
  2041 | D:3      | Noticed Sigmund
  2051 | D:3      | Killed Sigmund
  2052 | D:3      | Reached skill level 5 in Fighting
  2052 | D:3      | Reached skill level 5 in Axes
  2052 | D:3      | Reached skill level 4 in Dodging
  2052 | D:3      | Reached XP level 6. HP: 56/56 MP: 5/5
  2571 | D:3      | Reached *** piety under Trog
  2967 | D:4      | Reached skill level 5 in Armour
  2967 | D:4      | Reached XP level 7. HP: 62/62 MP: 6/6
  3020 | D:4      | Identified the +7 whip "Cikoenuo" {pain, rC- Will+ Int+6
                  | Dex+2}
  3137 | D:5      | Entered Level 5 of the Dungeon
  3280 | D:5      | Reached skill level 6 in Fighting
  3280 | D:5      | Reached skill level 6 in Axes
  3322 | D:5      | Reached skill level 5 in Dodging
  3680 | D:5      | Found a basalt altar of Yredelemnul.
  3682 | D:5      | Found a shimmering altar of Xom.
  3682 | D:5      | Found a sparkling altar of Nemelex Xobeh.
  3683 | D:5      | Found a shadowy altar of Dithmenos.
  3683 | D:5      | Found a broken altar of Ashenzari.
  3683 | D:5      | Found a hazy altar of Hepliaklqana.
  4072 | D:6      | Reached skill level 6 in Armour
  4072 | D:6      | Reached XP level 8. HP: 71/71 MP: 7/7
  4247 | D:6      | Reached skill level 7 in Fighting
  4247 | D:6      | Reached skill level 7 in Axes
  4355 | D:6      | Noticed Pikel
  4366 | D:6      | Killed Pikel
  4367 | D:6      | Reached skill level 7 in Armour
  4367 | D:6      | Reached skill level 6 in Dodging
  4564 | D:6      | Reached XP level 9. HP: 50/81 MP: 8/8
  4741 | D:6      | You add the spells Manifold Assault, Dispersal and
                  | Disjunction to your library.
  4925 | D:6      | Reached skill level 8 in Fighting
  4925 | D:6      | Reached skill level 8 in Axes
  5060 | D:7      | Noticed a boulder beetle
  5077 | D:6      | HP: 20/81 [boulder beetle (15)]
  5084 | D:6      | HP: 12/81 [boulder beetle (17)]
  5088 | D:6      | Killed a boulder beetle
  5089 | D:6      | Reached skill level 8 in Armour
  5089 | D:6      | Reached skill level 7 in Dodging
  5241 | D:7      | Reached **** piety under Trog
  5289 | D:7      | Found a staircase to the Ecumenical Temple.
  5291 | D:7      | Found a burning altar of Makhleb.
  5546 | D:7      | Reached skill level 9 in Fighting
  5546 | D:7      | Reached skill level 9 in Axes
  5640 | D:7      | Found an opulent altar of Gozag.
  5819 | D:7      | Reached skill level 8 in Dodging
  6125 | D:8      | Reached skill level 9 in Armour
  6247 | D:8      | Reached XP level 10. HP: 87/91 MP: 9/9
  6469 | D:8      | Noticed a two-headed ogre
  6478 | D:8      | Killed a two-headed ogre
  6543 | D:8      | Noticed Psyche
  6558 | D:8      | Killed Psyche
  7091 | D:9      | Noticed an orange crystal statue
  7106 | D:9      | Killed an orange crystal statue
  7107 | D:9      | Reached skill level 10 in Fighting
  7107 | D:9      | Reached skill level 10 in Axes
  7110 | D:9      | You add the spells Poisonous Vapours, Mephitic Cloud and
                  | Freezing Cloud to your library.
  7114 | D:9      | Identified the +12 morningstar "Tadukol" {vamp, rF+ rC-
                  | SInv}
  7119 | D:9      | You add the spells Ozocubu's Armour, Metabolic Englaciation
                  | and Simulacrum to your library.
  7158 | D:9      | Noticed a two-headed ogre
  7163 | D:9      | Killed a two-headed ogre
  7164 | D:9      | Reached skill level 10 in Armour
  7164 | D:9      | Reached skill level 9 in Dodging
  7681 | D:9      | Found a staircase to the Lair.
  7877 | D:9      | Noticed a two-headed ogre
  7881 | D:9      | Killed a two-headed ogre
  7882 | D:9      | Reached XP level 11. HP: 101/101 MP: 10/10
  7885 | D:9      | Reached skill level 11 in Axes
  7888 | D:9      | Reached skill level 11 in Fighting
  7890 | D:9      | Annihilated by an enormous slime creature

Vanquished Creatures
  A boulder beetle (D:6)
  3 two-headed ogres
  An orange crystal statue (D:9)
  Pikel (D:6)
  Psyche (D:8)
  A komodo dragon (D:9)
  A troll (D:9)
  2 slime creatures (D:9)
  Sigmund (D:3)
  A wyvern (D:9)
  2 basilisks (D:9)
  2 steam dragons
  A water moccasin (D:7)
  An acid dragon (D:9)
  A swamp drake (D:9)
  3 orc warriors
  2 sky beasts (D:8)
  4 ice beasts
  3 ogres
  4 centaurs
  3 phantoms
  3 bullfrogs
  2 kobold brigands
  2 scorpions (D:6)
  4 wights (D:9)
  4 howler monkeys
  2 jellies
  2 gnoll boudas
  4 orc priests
  An iguana (D:5)
  7 orc wizards
  12 gnolls
  10 adders
  2 shadow imps (D:8)
  3 white imps
  2 ufetubi
  A worm (D:3)
  2 dart slugs
  17 orcs
  9 endoplasms
  3 giant cockroaches
  11 goblins
  6 hobgoblins
  9 jackals
  10 kobolds
  3 quokkas
  8 ball pythons
  4 bats (D:1)
  3 frilled lizards
  5 rats
190 creatures vanquished.

Table legend:
 A = Non-vault XP
 B = Vault XP
 C = Vault XP percentage of total XP
 D = Non-vault monster count
 E = Vault monster count
 F = Vault count percentage of total count
                 A         B        C        D         E       F
            +---------+---------+-------+---------+---------+-------
      Total |    8784 |    3459 |  28.3 |     150 |      40 |  21.1
            +---------+---------+-------+---------+---------+-------
        D:1 |      32 |       2 |   5.9 |      20 |       1 |   4.8
        D:2 |      59 |       0 |   0.0 |      16 |       0 |   0.0
        D:3 |     208 |     237 |  53.3 |      27 |      13 |  32.5
        D:4 |     262 |       0 |   0.0 |      10 |       0 |   0.0
        D:5 |     536 |       0 |   0.0 |       9 |       0 |   0.0
        D:6 |    2002 |     586 |  22.6 |      18 |       1 |   5.3
        D:7 |    1058 |       0 |   0.0 |      23 |       0 |   0.0
        D:8 |    1487 |     862 |  36.7 |      14 |      19 |  57.6
        D:9 |    3140 |    1772 |  36.1 |      13 |       6 |  31.6
            +---------+---------+-------+---------+---------+-------

Skill      XL: |  1  2  3  4  5  6  7  8  9 10 11 |
---------------+----------------------------------+-----
Fighting       | 4 5 6 7 9 10 11 | 11.0
Axes           | 4 5 6 7 9 10 11 | 11.0
Armour         | 3 4 5 6 7 9 10 | 10.7
Dodging        | 3 4 5 6 8 9 |  9.8

Action                     |  1- 3 |  4- 6 |  7- 9 | 10-12 || total
---------------------------+-------+-------+-------+-------++-------
  Melee: Hand axe          |    55 |    66 |    97 |    47 ||   265
         Headbutt          |     8 |    12 |    30 |    20 ||    70
         Trident           |       |    21 |    95 |       ||   116
         Punch             |       |       |     3 |     1 ||     4
         Battleaxe         |       |       |       |    32 ||    32
         Morningstar       |       |       |       |    14 ||    14
         Unarmed           |       |       |       |     7 ||     7
 Invoke: Berserk           |       |     2 |     1 |     5 ||     8
         Trog's Hand       |       |     1 |     1 |     4 ||     6
    Use: Scroll            |     7 |     3 |     7 |     2 ||    19
         Potion            |       |       |     2 |     1 ||     3
   Stab: Invisible         |       |       |     1 |       ||     1
 Armour: Animal skin       |     5 |       |       |       ||     5
         Ring mail         |    12 |    24 |    42 |       ||    78
         Chain mail        |       |       |       |    47 ||    47
         Skin              |       |       |       |     1 ||     1
  Dodge: Dodged            |    39 |    53 |   125 |    43 ||   260

Illustrated notes

Table legend:
 A = Kills in this place as a percentage of kills in the entire game.
 B = Kills by you in this place as a percentage of kills by you in the entire game.
 C = Kills by friends in this place as a percentage of kills by friends in the entire game.
 D = Other kills in this place as a percentage of other kills in the entire game.
 E = Experience gained in this place as a percentage of experience gained in the entire game.
 F = Experience gained in this place divided by the number of levels of this place that you have seen.
                   A       B       C       D       E      F
               +-------+-------+-------+-------+-------+----------------------
         Total | 100.0 | 100.0 |   N/A |   N/A | 100.0 | 1360.3
       Dungeon | 100.0 | 100.0 |   N/A |   N/A | 100.0 | 1360.3
               +-------+-------+-------+-------+-------+----------------------

Table legend: (Time is in decaauts)
 A = Elapsed time spent in this place.
 B = Non-inter-level travel time spent in this place.
 C = Inter-level travel time spent in this place.
 D = Time resting spent in this place.
 E = Time spent auto-exploring this place.
 F = Levels seen in this place.
 G = Mean time per level.
                   A        B        C        D        E       F      G
               +--------+--------+--------+--------+--------+-----+--------+
         Total |   7979 |   7671 |    308 |    291 |   6220 |   9 |  886.6 |
       Dungeon |   7979 |   7671 |    308 |    291 |   6220 |   9 |  886.6 |
               +--------+--------+--------+--------+--------+-----+--------+

Top non-repeatable levels by time:
     D:6: 1190 daAuts
     D:8: 1054 daAuts
     D:9: 967 daAuts
     D:3: 964 daAuts
     D:1: 930 daAuts
     D:5: 884 daAuts
     D:2: 777 daAuts
     D:7: 718 daAuts
     D:4: 490 daAuts
